 Dungeon Sprint DCSS version 0.15-a0-2075-ga361405 (webtiles) character file.

45419 N00bl0rd the Severer (level 14, -1/98 HPs)
             Began as a Gargoyle Fighter on July 14, 2014.
             Was the Champion of Cheibriados.
             Slain by a merfolk impaler
             ... wielding the +9 dagger "Blob" {holy, Str+4 Dex-3}
              (3 damage)
             ... in the Dungeon (Sprint V: "Ziggurat Sprint").
             The game lasted 00:15:36 (1820 turns).

N00bl0rd the Severer (Gargoyle Fighter)             Turns: 1820, Time: 00:15:36

HP  -1/98        AC 49     Str 46      XL: 14   Next: 33%
MP   9/27        EV 22     Int 22      God: Cheibriados [******]
Gold 0           SH 36     Dex 28      Spells:  0 memorised, 13 levels left

rFire  + . .     SeeInvis +     a - +14 obsidian axe {chop, +Fly Str+3 SInv Curse}
rCold  + . .     Clarity  .     b - +15 Maxwell's patent armour {rC+ rF+, -Cast -Tele MR+}
rNeg   + + .     rCorr    +     c - +18 shield of the gong {rElec rN+ MR+ EV-5}
rPois  +         rRot     +     Q - +2 helmet of Negligence {Str+3 Dex+4 Int-2}
rElec  +         Spirit   .     J - +0 cloak
SustAb .         Warding  .     (no gloves)
rMut   .         NoTele   +     (no boots)
Gourm  .         NoCast   +     h - amulet of Giusu {rCorr rPois SInv}
MR     +++..                    H - +5 ring of protection
                                M - +3 ring of protection

@: mesmerised, very slow, extremely resistant to hostile enchantments, extremely
unstealthy
A: able to fly continuously, big wings, deformed body, fast metabolism 1, low mp
1, negative energy resistance 1, electricity resistance, unbreathing,
petrification resistance, rot immunity, AC +9
a: Fly, Bend Time, Temporal Distortion, Slouch, Step From Time, Renounce
Religion, Evoke Flight


You were in the Dungeon.
You worshipped Cheibriados.
Cheibriados was exalted by your worship.
You were not hungry.

You visited 1 branch

Inventory:

Hand weapons
 a - the cursed +14 obsidian axe (weapon) {chop, +Fly Str+3 SInv Curse}
   (You found it in the Dungeon)

   It inflicts extra damage upon your enemies.
   It affects your strength (+3).
   It enhances your eyesight.
   It lets you fly.
   It may recurse itself when equipped.
   It has a curse placed upon it.
Armour
 b - the cursed +15 Maxwell's patent armour (worn) {rC+ rF+, -Cast -Tele MR+}
   (You found it in the Dungeon)

   It affects your resistance to hostile enchantments.
   It prevents spellcasting.
   It prevents most forms of teleportation.
   It has a curse placed upon it.
 c - the +18 shield of the gong (worn) {rElec rN+ MR+ EV-5}
   (You found it in the Dungeon)

   It affects your evasion (-5).
   It insulates you from electricity.
   It protects you from negative energy.
   It affects your resistance to hostile enchantments.
 J - a +0 cloak (worn)
 Q - the +2 helmet of Negligence (worn) {Str+3 Dex+4 Int-2}
   (You found it in the Dungeon)

   It affects your strength (+3).
   It affects your intelligence (-2).
   It affects your dexterity (+4).
Magical devices
 y - a wand of disintegration (7)
 B - a wand of fire (5)
 C - a wand of cold (5)
 D - a wand of draining (5)
Comestibles
 d - 5 bread rations
 l - 32 fruits
 m - 4 meat rations
Scrolls
 j - 2 scrolls of brand weapon
 k - 4 scrolls of blinking
 n - 4 scrolls of amnesia
 o - 3 scrolls of recharging
 p - 8 scrolls of fog
 q - a scroll of holy word
 r - 5 scrolls of identify
 s - 5 scrolls of remove curse
 t - 2 scrolls of fear
 E - 12 scrolls of enchant armour
 G - 4 scrolls of enchant weapon
Jewellery
 h - the amulet of Giusu (around neck) {rCorr rPois SInv}
   (You found it in the Dungeon)

   [amulet of resist corrosion]

   It protects you from acid and corrosion.
   It protects you from poison.
   It enhances your eyesight.
 F - an uncursed ring of protection from cold
 H - a +5 ring of protection (right hand)
 I - a +6 ring of strength
 L - an uncursed ring of protection from cold
 M - a +3 ring of protection (left hand)
 P - an uncursed ring of protection from magic
 R - a cursed ring of stealth
Potions
 e - 9 potions of might
 f - 10 potions of curing
 g - 12 potions of heal wounds
 i - 6 potions of magic
 u - 2 potions of brilliance
 v - 2 potions of invisibility
 w - 2 potions of restore abilities
 x - 4 potions of resistance
 z - a potion of experience
 A - 5 potions of agility
 K - 2 potions of porridge
Rods
 N - a +5 rod of inaccuracy (9/9)
   (You found it in the Dungeon)


   Skills:
 + Level 15.3 Fighting
 * Level 17.6 Axes
 + Level 15.1 Armour
 * Level 16.2 Dodging
 + Level 15.3 Shields
 + Level 14.3 Invocations


You had 13 spell levels left.
You didn't know any spells.

Dungeon Overview and Level Annotations

Branches:
Dungeon (1/1)

Altars:
Ashenzari
Cheibriados
Dithmenos
Elyvilon
Fedhas
Gozag
Kikubaaqudgha
Makhleb
Nemelex Xobeh
Okawaru
Qazlal
Sif Muna
Trog
Vehumet
Xom
Yredelemnul
Zin
The Shining One
Beogh
Jiyva
Lugonu


Innate Abilities, Weirdness & Mutations

You are resistant to torment.
You are immune to poison.
You can fly continuously.
Your stone body is very resilient (AC +9).
Your wings are large and strong.
You resist negative energy.
You are resistant to electric shocks.
You can survive without breathing.
You are immune to petrification.
You are immune to rotting.
Armour fits poorly on your strangely shaped body.
You have a fast metabolism.
Your magical capacity is low (-10% MP).


Message History

The merfolk throws a tomahawk.
The tomahawk closely misses you.
The tomahawk closely misses the merfolk impaler.
You block the merfolk impaler's attack.
GONNNNG!
The merfolk impaler hits you but does no damage.
Unknown command.
Use which ability? (? or * to list)
You can feel time thicken for a moment.
The merfolk javelineer throws a javelin of returning.
GONNNNG!
You block the javelin of returning.
The weapon returns to the merfolk javelineer!
The mermaid chants a haunting song.
You resist. You block the griffon's attack.
BONNNG!
The griffon misses you. You block the griffon's attack.
BONNNG!
The merfolk javelineer hits you but does no damage.
The merfolk impaler hits you with the +9 dagger "Blob" {holy, Str+4 Dex-3}.
You die...

..:..._▓ ≈≈. ▓........
.[=...8▓ ....H|)≈.
▓........ ..|..._▓
.)[..}≈.≈.m ▓........
......8▓ ≈[≈≈.m.m≈m.m≈
▓.....))) ......_▓
≈......m)≈E≈≈≈H▓..▓....)
......8▓ m[≈.......≈
▓.▓▓▓.... _8_8_8_▓
▓}m.≈m≈≈▓ ▓..▓.....
▓▓▓▓▓▓▓▓ . ▓▓≈≈≈mS▓
)▓........
▓≈.≈▓≈E≈@mS+▓≈..▓........
▓≈.≈H≈.Hm.mHm≈m≈▓▓▓▓▓▓▓▓▓
▓≈.[m.()(.mm.:≈.▓.....8©8
▓▓▓▓▓▓▓▓▓▓▓▓▓▓▓▓▓...:.)3|
▓..)..)[| ▓....[...
▓........ ▓........
▓......).


You could see 5 merfolk impalers, 5 merfolk javelineers, a griffon, 2 sea
snakes, 4 merfolk aquamancers, 3 merfolk, 3 manticores, 2 water elementals, a
mermaid and a hippogriff.

Vanquished Creatures
  An azure jelly (D)
  A draconian zealot (D)
  An orc warlord (D)
  A ghoul (D)
  An emperor scorpion (D)
  A draconian annihilator (D)
  A reaper (D)
  A draconian caller (D)
  A grey draconian (D)
  2 green draconians (D)
  2 yellow draconians (D)
  2 mottled draconians (D)
  A white draconian (D)
  A red draconian (D)
  A merfolk javelineer (D)
  A vault guard (D)
  A yaktaur captain (D)
  2 ironheart preservers (D)
  An ogre mage (D)
  2 merfolk aquamancers (D)
  An orc high priest (D)
  A soul eater (D)
  3 skeletal warriors (D)
  A sun demon (D)
  A fire crab (D)
  2 orc knights (D)
  A sea snake (D)
  A harpy (D)
  A hellion (D)
  2 wolf spiders (D)
  3 shining eyes (D)
  A sixfirhy (D)
  4 red wasps (D)
  2 moths of wrath (D)
  An eye of devastation (D)
  2 tormentors (D)
  2 iron devils (D)
  A yaktaur (D)
  A fire drake (D)
  A demonic crawler (D)
  2 red devils (D)
  A freezing wraith (D)
  A polar bear (D)
  6 slime creatures (D)
  A troll (shapeshifter) (D)
  9 blue devils (D)
  4 merfolk (D)
  A jumping spider (D)
  3 wind drakes (D)
  A flying skull (D)
  A redback (D)
  2 trapdoor spiders (D)
  A wraith (D)
  2 tarantellas (D)
  2 vampires (D)
  3 ugly things (D)
  A chaos spawn (D)
  3 shadows (D)
  A warg (D)
  A mottled dragon (D)
  An ice beast (D)
  2 small abominations (D)
  A spider (D)
  2 necrophages (D)
  2 yellow wasps (D)
  3 centaurs (D)
  An orc warrior (D)
  3 scorpions (D)
  5 wights (D)
  2 orc priests (D)
  A quasit (D)
  3 iron imps (D)
  3 orc wizards (D)
  A sheep (D)
  A shadow imp (D)
  4 white imps (D)
  2 giant mites (D)
  An ooze (D)
  10 orcs (D)
  A bat skeleton (D)
  A ball python zombie (D)
  4 goblins (D)
  A goblin simulacrum (D)
  A goblin skeleton (D)
  A goblin zombie (D)
  A jackal zombie (D)
  A kobold zombie (D)
  A quokka zombie (D)
  A rat skeleton (D)
  A rat zombie (D)
165 creatures vanquished.

Vanquished Creatures (collateral kills)
  An orc high priest (D)
  A thrashing horror (D)
  A wolf spider (D)
  A shining eye (D)
  A demonic crawler (D)
  2 red devils (D)
  A freezing wraith (D)
  A polar bear (D)
  A queen bee (shapeshifter) (D)
  A trapdoor spider (D)
  A yellow wasp (D)
  A phantom (D)
  A centaur (D)
  An iron imp (D)
  A mummy (D)
  A worm zombie (D)
17 creatures vanquished.

Vanquished Creatures (others)
  A vault guard (D)
  2 smoke demons (D)
  A red devil (D)
  A blue devil (D)
  A ynoxinul (D)
  A chaos spawn (D)
  A jelly (D)
  An ufetubus (D)
9 creatures vanquished.

Grand Total: 191 creatures vanquished

Notes
Turn   | Place    | Note
--------------------------------------------------------------
     0 | D        | N00bl0rd, the Gargoyle Fighter, began the quest for the Orb.
     0 | D        | Reached XP level 1. HP: 14/14 MP: 1/1
     0 | D        | Found an ancient bone altar of Kikubaaqudgha.
     1 | D        | Found a basalt altar of Yredelemnul.
     1 | D        | Found an iron altar of Okawaru.
     2 | D        | Found a radiant altar of Vehumet.
     2 | D        | Found a shimmering altar of Xom.
     4 | D        | Found a burning altar of Makhleb.
    13 | D        | Found a corrupted altar of Lugonu.
    13 | D        | Found a white marble altar of Elyvilon.
    13 | D        | Found a deep blue altar of Sif Muna.
    14 | D        | Found a roughly hewn altar of Beogh.
    14 | D        | Found a sparkling altar of Nemelex Xobeh.
    22 | D        | Found a bloodstained altar of Trog.
    89 | D        | Became a worshipper of Cheibriados the Contemplative
    99 | D        | Entered arena 1.
    99 | D        | Noticed a centaur
    99 | D        | Noticed a centaur
   102 | D        | Killed a centaur
   102 | D        | Reached skill level 4 in Fighting
   102 | D        | Reached XP level 2. HP: 13/20 MP: 2/2
   102 | D        | Reached XP level 3. HP: 15/24 MP: 3/3
   102 | D        | Reached XP level 4. HP: 18/30 MP: 4/4
   104 | D        | Killed a centaur
   104 | D        | Reached skill level 5 in Fighting
   104 | D        | Reached skill level 5 in Axes
   104 | D        | Reached skill level 5 in Armour
   104 | D        | Reached skill level 5 in Shields
   104 | D        | Reached XP level 5. HP: 14/35 MP: 5/5
   291 | D        | Entered arena 2.
   291 | D        | Noticed a jumping spider
   293 | D        | Killed a jumping spider
   293 | D        | Reached skill level 6 in Fighting
   293 | D        | Reached skill level 5 in Dodging
   293 | D        | Reached XP level 6. HP: 39/42 MP: 5/9
   301 | D        | Entered arena 3.
   301 | D        | Noticed an orc priest
   301 | D        | Noticed an orc wizard
   301 | D        | Noticed an orc wizard
   303 | D        | Killed an orc priest
   303 | D        | Acquired Cheibriados' first power
   303 | D        | Reached skill level 7 in Axes
   303 | D        | Killed an orc wizard
   303 | D        | Reached XP level 7. HP: 44/47 MP: 6/11
   305 | D        | Killed an orc wizard
   305 | D        | Noticed a red devil
   308 | D        | Killed a red devil
   324 | D        | Entered arena 4.
   324 | D        | Noticed an orc priest
   324 | D        | Noticed an orc wizard
   328 | D        | Acquired Cheibriados' second power
   328 | D        | Killed an orc priest
   329 | D        | Killed an orc wizard
   329 | D        | Acquired Cheibriados' third power
   338 | D        | Got the amulet of Giusu {rCorr rPois SInv}
   347 | D        | Entered arena 5.
   347 | D        | Noticed a quasit
   347 | D        | Noticed a thrashing horror
   350 | D        | Killed a quasit
   354 | D        | Killed a thrashing horror
   354 | D        | Reached skill level 8 in Axes
   354 | D        | Reached skill level 5 in Invocations
   354 | D        | Reached XP level 8. HP: 40/54 MP: 13/15
   369 | D        | Entered arena 6.
   369 | D        | Noticed a centaur
   369 | D        | Noticed a merfolk
   369 | D        | Noticed a merfolk
   369 | D        | Noticed a merfolk
   369 | D        | Noticed a centaur
   373 | D        | Killed a centaur
   374 | D        | Killed a merfolk
   374 | D        | Reached skill level 9 in Axes
   374 | D        | Killed a merfolk
   375 | D        | Killed a merfolk
   375 | D        | Reached XP level 9. HP: 27/60 MP: 15/18
   376 | D        | Killed a centaur
   538 | D        | Entered arena 7.
   538 | D        | Noticed an iron imp
   538 | D        | Noticed an iron imp
   538 | D        | Noticed a red devil
   538 | D        | Noticed a small abomination
   538 | D        | Noticed a small abomination
   541 | D        | Killed a small abomination
   541 | D        | Killed a small abomination
   544 | D        | Killed an iron imp
   547 | D        | Killed an iron imp
   551 | D        | Killed a red devil
   551 | D        | Reached skill level 10 in Axes
   560 | D        | Entered arena 8.
   560 | D        | Noticed a shining eye
   560 | D        | Noticed a yak
   560 | D        | Noticed a purple ugly thing
   560 | D        | Noticed a green ugly thing
   560 | D        | Noticed a harpy
   560 | D        | Noticed a brown ugly thing
   560 | D        | Noticed a shining eye
   561 | D        | Noticed an unseen horror
   561 | D        | a yak changed into an unseen horror
   561 | D        | an unseen horror changed into a troll
   561 | D        | a harpy changed into a queen bee
   566 | D        | Gained mutation: Armour fits poorly on your strangely shaped body. [a shining eye]
   567 | D        | Killed a cyan ugly thing
   569 | D        | Killed a shining eye
   571 | D        | Killed a green ugly thing
   571 | D        | Reached XP level 10. HP: 64/67 MP: 19/21
   572 | D        | Killed a shining eye
   572 | D        | Reached skill level 11 in Axes
   572 | D        | Reached skill level 10 in Dodging
   572 | D        | Killed a purple ugly thing
   588 | D        | Entered arena 9.
   588 | D        | Noticed a yaktaur captain
   588 | D        | Noticed an ogre mage
   588 | D        | Noticed an ironheart preserver
   588 | D        | Noticed a yaktaur
   588 | D        | Noticed a vault guard
   588 | D        | Noticed a vault guard
   588 | D        | Noticed a fire crab
   588 | D        | Noticed an ironheart preserver
   589 | D        | Killed an ironheart preserver
   589 | D        | Reached skill level 10 in Fighting
   589 | D        | Reached skill level 10 in Armour
   589 | D        | Reached skill level 10 in Shields
   590 | D        | Killed an ironheart preserver
   592 | D        | Killed a yaktaur
   592 | D        | Killed a fire crab
   592 | D        | Reached skill level 12 in Axes
   592 | D        | Killed an ogre mage
   592 | D        | Reached XP level 11. HP: 53/73 MP: 6/24
   593 | D        | Killed a vault guard
   593 | D        | Killed a vault guard
   595 | D        | Killed a yaktaur captain
   710 | D        | Entered arena 10.
   710 | D        | Noticed a freezing wraith
   710 | D        | Noticed a polar bear
   710 | D        | Noticed an ice beast
   710 | D        | Noticed a blue devil
   710 | D        | Noticed a polar bear
   710 | D        | Noticed a blue devil
   712 | D        | Killed a blue devil
   713 | D        | Killed a blue devil
   713 | D        | Reached skill level 10 in Invocations
   718 | D        | Killed an ice beast
   718 | D        | Reached skill level 13 in Axes
   721 | D        | Killed a polar bear
   724 | D        | Killed a freezing wraith
   727 | D        | Killed a polar bear
   747 | D        | Entered arena 11.
   747 | D        | Noticed a hellion
   747 | D        | Noticed a blue devil
   747 | D        | Noticed a blue devil
   747 | D        | Noticed a tormentor
   747 | D        | Noticed an iron imp
   747 | D        | Noticed a blue devil
   748 | D        | Noticed a freezing wraith
   749 | D        | Killed a tormentor
   749 | D        | Killed a blue devil
   749 | D        | Killed a hellion
   749 | D        | Killed an iron imp
   750 | D        | Killed a blue devil
   750 | D        | Killed a blue devil
   750 | D        | Killed a freezing wraith
   751 | D        | Noticed a red devil
   754 | D        | Killed a red devil
  1050 | D        | Entered arena 12.
  1050 | D        | Noticed a yellow wasp
  1050 | D        | Noticed a red wasp
  1050 | D        | Noticed a scorpion
  1050 | D        | Noticed a yellow wasp
  1050 | D        | Noticed a demonic crawler
  1050 | D        | Noticed a spider
  1050 | D        | Noticed a redback
  1051 | D        | Noticed an emperor scorpion
  1051 | D        | Noticed a wolf spider
  1051 | D        | Noticed a demonic crawler
  1053 | D        | Killed a yellow wasp
  1053 | D        | Killed a redback
  1054 | D        | Killed a red wasp
  1054 | D        | Killed a demonic crawler
  1056 | D        | Killed a spider
  1056 | D        | Reached XP level 12. HP: 72/81 MP: 26/26
  1057 | D        | Killed a scorpion
  1058 | D        | Killed a wolf spider
  1059 | D        | Killed a yellow wasp
  1064 | D        | Killed an emperor scorpion
  1064 | D        | Reached skill level 14 in Axes
  1065 | D        | Killed a demonic crawler
  1073 | D        | Killed a trapdoor spider
  1216 | D        | Entered arena 13.
  1216 | D        | Noticed a green draconian
  1216 | D        | Noticed a mottled draconian
  1216 | D        | Noticed a yellow draconian
  1217 | D        | Noticed a green draconian
  1217 | D        | Noticed a white draconian
  1218 | D        | Noticed a white draconian annihilator
  1218 | D        | Noticed a mottled draconian
  1218 | D        | Noticed a red draconian
  1219 | D        | Noticed a yellow draconian caller
  1219 | D        | Noticed a green draconian zealot
  1219 | D        | Noticed a yellow draconian
  1219 | D        | Noticed a grey draconian
  1221 | D        | Killed a green draconian
  1221 | D        | Killed a yellow draconian
  1221 | D        | Killed a green draconian
  1221 | D        | Killed a white draconian
  1223 | D        | Killed a mottled draconian
  1223 | D        | Killed a white draconian annihilator
  1223 | D        | Killed a red draconian
  1223 | D        | Reached skill level 15 in Axes
  1224 | D        | Killed a yellow draconian
  1224 | D        | Killed a mottled draconian
  1224 | D        | Reached XP level 13. HP: 52/88 MP: 22/28
  1224 | D        | Killed a yellow draconian caller
  1224 | D        | Killed a green draconian zealot
  1225 | D        | Killed a grey draconian
  1377 | D        | Entered arena 14.
  1377 | D        | Noticed a slime creature
  1377 | D        | Noticed a jelly
  1377 | D        | Noticed a slime creature
  1378 | D        | Noticed a slime creature
  1378 | D        | Noticed a shining eye
  1378 | D        | Noticed a shining eye
  1378 | D        | Noticed a slime creature
  1378 | D        | Noticed an eye of devastation
  1378 | D        | Noticed an azure jelly
  1378 | D        | Gained mutation: Your magical capacity is low (-10% MP). [a shining eye]
  1379 | D        | Noticed a slime creature
  1379 | D        | Noticed a slime creature
  1379 | D        | Noticed a slime creature
  1382 | D        | Killed a slime creature
  1383 | D        | Killed a large slime creature
  1384 | D        | Killed a jelly
  1386 | D        | Killed a slime creature
  1387 | D        | Killed an azure jelly
  1390 | D        | Killed a shining eye
  1390 | D        | Gained mutation: You have a fast metabolism. [a shining eye]
  1391 | D        | Killed a slime creature
  1391 | D        | Killed a slime creature
  1391 | D        | Reached skill level 16 in Axes
  1394 | D        | Killed a shining eye
  1395 | D        | Killed a slime creature
  1396 | D        | Killed an eye of devastation
  1402 | D        | Got the amulet of Igodog {Gourm rElec Dex+3 Stlth+}
  1418 | D        | Entered arena 15.
  1418 | D        | Noticed a wolf spider
  1418 | D        | Noticed a red wasp
  1418 | D        | Noticed a scorpion
  1419 | D        | Noticed a tarantella
  1419 | D        | Noticed a trapdoor spider
  1419 | D        | Noticed a red wasp
  1419 | D        | Noticed a scorpion
  1419 | D        | Noticed a wolf spider
  1419 | D        | Noticed a red wasp
  1419 | D        | Noticed a moth of wrath
  1419 | D        | Noticed a moth of wrath
  1419 | D        | Noticed a trapdoor spider
  1420 | D        | Noticed a tarantella
  1421 | D        | Noticed a yellow wasp
  1425 | D        | Killed a wolf spider
  1426 | D        | Killed a red wasp
  1427 | D        | Killed a red wasp
  1428 | D        | Killed a wolf spider
  1429 | D        | Killed a trapdoor spider
  1429 | D        | Killed a red wasp
  1429 | D        | Reached skill level 15 in Dodging
  1430 | D        | Killed a moth of wrath
  1432 | D        | Killed a tarantella
  1433 | D        | Killed a trapdoor spider
  1434 | D        | Killed a tarantella
  1435 | D        | Killed a scorpion
  1436 | D        | Killed a scorpion
  1437 | D        | Killed a yellow wasp
  1438 | D        | Killed a moth of wrath
  1540 | D        | Entered arena 16.
  1542 | D        | Noticed a wight
  1543 | D        | Noticed a skeletal warrior
  1543 | D        | Noticed a wight
  1543 | D        | Noticed a wight
  1543 | D        | Noticed a necrophage
  1543 | D        | Noticed a wight
  1543 | D        | Noticed a skeletal warrior
  1544 | D        | Noticed a vampire
  1544 | D        | Noticed a vampire
  1544 | D        | Noticed a necrophage
  1544 | D        | Noticed a ghoul
  1546 | D        | Killed a wight
  1546 | D        | Killed a wight
  1546 | D        | Killed a wight
  1548 | D        | Killed a wight
  1549 | D        | Killed a necrophage
  1552 | D        | Killed a necrophage
  1554 | D        | Killed a vampire
  1555 | D        | Killed a skeletal warrior
  1555 | D        | Killed a vampire
  1555 | D        | Killed a skeletal warrior
  1558 | D        | Killed a ghoul
  1576 | D        | Got the amulet "Crefir" {Ward +Rage +Inv rN+}
  1583 | D        | Got the +2 helmet of Negligence {Str+3 Dex+4 Int-2}
  1614 | D        | Entered arena 17.
  1615 | D        | Noticed a warg
  1616 | D        | Noticed an orc high priest
  1617 | D        | Noticed an orc knight
  1617 | D        | Noticed an orc high priest
  1617 | D        | Noticed an orc warrior
  1618 | D        | Noticed an orc knight
  1618 | D        | Noticed an orc warlord
  1620 | D        | Killed a warg
  1630 | D        | Killed an orc high priest
  1632 | D        | Killed an orc high priest
  1634 | D        | Killed an orc knight
  1637 | D        | Killed an orc knight
  1639 | D        | Killed an orc warlord
  1639 | D        | Gained mutation: Your wings are large and strong. [gargoyle growth]
  1639 | D        | Reached XP level 14. HP: 75/96 MP: 27/27
  1641 | D        | Killed an orc warrior
  1654 | D        | Got the +15 storm dragon armour of Loss {rElec Str+2 Dex+5}
  1687 | D        | Entered arena 18.
  1690 | D        | Noticed a phantom
  1690 | D        | Noticed a wraith
  1690 | D        | Noticed a shadow
  1690 | D        | Noticed an iron devil
  1690 | D        | Noticed a blue devil
  1690 | D        | Noticed an iron devil
  1690 | D        | Noticed a reaper
  1690 | D        | Noticed a skeletal warrior
  1690 | D        | Noticed a shadow
  1691 | D        | Noticed a wight
  1691 | D        | Noticed a red devil
  1691 | D        | Noticed an iron imp
  1691 | D        | Noticed a blue devil
  1691 | D        | Noticed a shadow
  1692 | D        | Noticed a tormentor
  1693 | D        | Noticed a flying skull
  1693 | D        | Killed a blue devil
  1693 | D        | Reached skill level 17 in Axes
  1694 | D        | Killed a skeletal warrior
  1695 | D        | Killed a shadow
  1695 | D        | Killed an iron devil
  1696 | D        | Killed a shadow
  1698 | D        | Killed a shadow
  1699 | D        | Killed a blue devil
  1699 | D        | Killed a flying skull
  1700 | D        | Killed an iron devil
  1700 | D        | Killed a wight
  1700 | D        | Reached skill level 15 in Shields
  1702 | D        | Killed a wraith
  1703 | D        | Killed a tormentor
  1703 | D        | Reached skill level 15 in Fighting
  1703 | D        | Killed an iron imp
  1709 | D        | Killed a reaper
  1710 | D        | Killed a red devil
  1710 | D        | Killed a phantom
  1805 | D        | Entered arena 19.
  1805 | D        | Noticed a merfolk aquamancer
  1805 | D        | Noticed a merfolk javelineer
  1805 | D        | Noticed a merfolk aquamancer
  1805 | D        | Noticed a merfolk javelineer
  1805 | D        | Noticed a merfolk aquamancer
  1805 | D        | Noticed a merfolk impaler
  1805 | D        | Noticed a merfolk javelineer
  1805 | D        | Noticed a wind drake
  1805 | D        | Noticed a merfolk
  1805 | D        | Noticed a merfolk
  1805 | D        | Noticed a sea snake
  1806 | D        | Noticed a griffon
  1806 | D        | Noticed a merfolk impaler
  1806 | D        | Noticed a merfolk javelineer
  1806 | D        | Noticed a wind drake
  1806 | D        | Noticed a mermaid
  1806 | D        | Noticed a harpy
  1806 | D        | Noticed a manticore
  1806 | D        | Killed a harpy
  1808 | D        | Killed a wind drake
  1808 | D        | Killed a merfolk
  1809 | D        | Noticed a sea snake
  1809 | D        | Noticed a merfolk javelineer
  1809 | D        | Killed a sea snake
  1809 | D        | Reached skill level 15 in Armour
  1809 | D        | Killed a merfolk aquamancer
  1810 | D        | Noticed a sea snake
  1810 | D        | Noticed a manticore
  1810 | D        | Noticed a merfolk aquamancer
  1811 | D        | Noticed a merfolk impaler
  1811 | D        | Noticed a griffon
  1811 | D        | Noticed a water elemental
  1811 | D        | Noticed a merfolk impaler
  1811 | D        | Noticed a sea snake
  1811 | D        | Noticed a merfolk aquamancer
  1811 | D        | Noticed a snapping turtle
  1811 | D        | Noticed a merfolk impaler
  1811 | D        | Noticed a merfolk impaler
  1811 | D        | Noticed a sea snake
  1811 | D        | Noticed a merfolk aquamancer
  1811 | D        | Noticed a sea snake
  1812 | D        | Noticed a water nymph
  1812 | D        | Noticed a merfolk
  1812 | D        | Noticed a merfolk javelineer
  1812 | D        | Noticed a manticore
  1812 | D        | Killed a merfolk aquamancer
  1812 | D        | Killed a wind drake
  1812 | D        | Killed a merfolk javelineer
  1813 | D        | Noticed a water elemental
  1813 | D        | Noticed a hippogriff
  1813 | D        | Noticed a merfolk javelineer
  1814 | D        | Noticed a merfolk javelineer
  1814 | D        | Noticed a merfolk
  1818 | D        | HP: 1/98 [sea snake (6)]
  1820 | D        | Identified the +9 dagger "Blob" {holy, Str+4 Dex-3}
  1820 | D        | Slain by a merfolk impaler

Action                   |  1- 3 |  4- 6 |  7- 9 | 10-12 | 13-15 || total
-------------------------+-------+-------+-------+-------+-------++-------
Melee: Broad axe         |     1 |     4 |    35 |    31 |   101 ||   172
Invok: Slouch            |       |       |       |    13 |     4 ||    17
       Step From Time    |       |       |       |       |     1 ||     1
  Use: Scroll            |       |       |       |     1 |       ||     1
       Potion            |       |       |       |     1 |       ||     1
 Stab: Distracted        |       |       |     2 |     1 |     2 ||     5
  Eat: Fruit             |       |       |       |    10 |       ||    10
